 Dungeon Crawl Stone Soup version 0.28-a0-1435-g82390b3a13 (webtiles) character file.

Game seed: 1828703357150630014

140 HallandMoats the Skirmisher (level 5, -6/42 HPs)
             Began as a Demonspawn Fighter on Jan 9, 2022.
             Killed by divine providence
             ... invoked by an orc priest
              (13 damage)
             ... on level 3 of the Dungeon.
             The game lasted 00:02:11 (2165 turns).

HallandMoats the Skirmisher (Demonspawn Fighter)    Turns: 2165, Time: 00:02:13

Health: -6/42      AC: 11    Str: 19    XL:     5   Next: 2%
Magic:  5/5        EV:  9    Int:  7    God:
Gold:   150        SH:  4    Dex: 12    Spells: 4/4 levels left

rFire   . . .      SeeInvis .   b - +2 short sword (venom)
rCold   . . .      Faith    .   c - +0 buckler
rNeg    . . .      Spirit   .   k - +0 scale mail
rPois   .          Reflect  .   (no helmet)
rElec   .          Harm     .   e - +0 cloak
rCorr   .          Rampage  .   (no gloves)
Will    .....                   (no boots)
Stlth   ..........              (no amulet)
HPRegen 1.14/turn               i - +4 ring of protection
MPRegen 0.09/turn               (no ring)

@: mighty, attractive, unable to read
A: demonic guardian 2, powered by death 1, dopey 1, evolution 1, inability to
read while threatened
a: no special abilities


You were on level 3 of the Dungeon.
You visited 1 branch of the dungeon, and saw 3 of its levels.

You collected 150 gold pieces.

Inventory:

Hand Weapons
 a - a +0 trident
 b - a +2 short sword of venom (weapon)
Armour
 c - a +0 buckler (worn)
 e - a +0 cloak (worn)
 k - a +0 scale mail (worn)
Jewellery
 i - a +4 ring of protection (left hand)
Wands
 o - a wand of acid (5)
Scrolls
 f - 3 scrolls of teleportation {unknown}
 g - 3 scrolls of blinking {unknown}
 l - a scroll of immolation {unknown}
Potions
 h - a potion of attraction
 n - a potion of haste {unknown}


   Skills:
 * Level 4.1 Fighting
 * Level 2.9 Polearms
 + Level 3.0 Armour
 + Level 1.3 Dodging
 + Level 3.1 Shields


You had 4 spell levels left.
You didn't know any spells.
Your spell library contained the following spells:

 Spells                   Type           Power      Damage    Failure   Level
 Beastly Appendage        Tmut           0%         N/A       88%         1
 Corpse Rot               Necr/Air       0%         N/A       95%         2
 Poisonous Vapours        Pois/Air       0%         N/A       95%         2
 Sublimation of Blood     Necr           0%         N/A       95%         2
 Wereblood                Tmut           0%         N/A       95%         2
 Conjure Flame            Conj/Fire      0%         6-21      99%         3
 Ignite Poison            Fire/Tmut/Pois 0%         N/A       99%         3
 Spider Form              Tmut/Pois      0%         N/A       99%         3
 Sticky Flame             Conj/Fire      0%         2d3       100%        4
 Summon Hydra             Summ           0%         N/A       100%        7
 Borgnjor's Revivificati  Necr           0%         N/A       100%        8
 Necromutation            Tmut/Necr      0%         N/A       100%        8
 Death's Door             Necr           0%         N/A       100%        9


Dungeon Overview and Level Annotations

Branches:
Dungeon (3/15)

Altars:

Shops:
D:2 !


Innate Abilities, Weirdness & Mutations

A demonic guardian rushes to your aid.
You regenerate a little health from kills.
You are dopey. (Int -2)
You have hidden genetic potential.
You sometimes lose the ability to read scrolls when taking damage.


Message History

It was a potion of curing.
You feel better. The orc misses your ufetubus.
The orc hits you but does no damage.
Okay, then.
You feel mightier all of a sudden.
Your ufetubus barely misses the orc.
Your ufetubus hits the orc. You block the orc's attack.
Your ufetubus barely misses the orc. x2
The orc hits you but does no damage.
You barely miss the orc.
The orc is severely wounded.
Your ufetubus barely misses the orc.
Your ufetubus hits the orc.
The orc dies!
The orc barely misses you.
Your ufetubus hits the orc. Your ufetubus misses the orc.
You have reached level 5!
Your demonic ancestry asserts itself...
Your guardian grows in power.
You puncture the orc!
You kill the orc!
The orc priest calls down the wrath of Beogh upon you.
Pain shoots through your body! The orc hits you but does no damage.
You swap places.
The orc priest hits you but does no damage.
The orc misses your ufetubus.
Things that are here:
a +0 whip; a +0 flail; an orc corpse You puncture the orc priest!
The orc priest is poisoned.
The orc priest is heavily wounded.
The orc priest mumbles some strange prayers to Beogh against you.
Beogh smites you!
You feel threatened and lose the ability to read scrolls!
* * * LOW HITPOINT WARNING * * *
The orc closely misses your ufetubus. The orc priest completely misses you.
You barely miss the orc priest.
The orc priest is heavily wounded.
You can read scrolls again.
The orc closely misses your ufetubus.
The orc priest calls down the wrath of Beogh upon you.
Beogh smites you!
You feel threatened and lose the ability to read scrolls!
You die...

#.#.#(#####..##.# #. #.#.#.#
#..##.# #. #.#.#.# #..)..# #.
######.#...# #..#..###.
#..........#####.........
#.###....................
#.#.##.#.).###.##...##.######.
.........#####)o.......# #.
#.........).o@5....##########.
###.....#########.............
####### ##############


You could see an orc priest (very poisoned, ally target), an orc and a friendly
ufetubus (summoned).

Vanquished Creatures
  An iguana (D:2)
  2 adders (D:3)
  A dart slug (D:3)
  7 orcs (D:3)
  4 ball pythons
  3 endoplasms (D:2)
  3 giant cockroaches
  4 goblins
  4 hobgoblins
  8 jackals
  7 kobolds
  3 quokkas
  2 bats (D:2)
  A frilled lizard (D:3)
  4 rats
54 creatures vanquished.

Vanquished Creatures (collateral kills)
  An orc wizard (D:3)
  An orc (D:3)
  A hobgoblin (D:3)
3 creatures vanquished.

Grand Total: 57 creatures vanquished

Notes
Turn   | Place    | Note
-------+----------+-------------------------------------------
     0 | D:1      | HallandMoats the Demonspawn Fighter began the quest for the
                  | Orb.
     0 | D:1      | Reached XP level 1. HP: 18/18 MP: 1/1
   257 | D:1      | Gained mutation: A weak demonic guardian rushes to your
                  | aid. [demonic ancestry]
   257 | D:1      | Reached XP level 2. HP: 24/24 MP: 2/2
  1023 | D:2      | Reached XP level 3. HP: 26/29 MP: 3/3
  1214 | D:2      | Reached skill level 1 in Dodging
  1566 | D:2      | Gained mutation: You regenerate a little health from kills.
                  | [demonic ancestry]
  1566 | D:2      | Reached XP level 4. HP: 33/37 MP: 4/4
  1667 | D:2      | Found Gamaud's Distillery.
  2106 | D:3      | Reached skill level 4 in Fighting
  2158 | D:3      | Gained mutation: You are dopey. (Int -2) [potion of
                  | mutation]
  2158 | D:3      | Gained mutation: You sometimes lose the ability to read
                  | scrolls when taking damage. [potion of mutation]
  2158 | D:3      | Gained mutation: You have hidden genetic potential. [potion
                  | of mutation]
  2162 | D:3      | Gained mutation: A demonic guardian rushes to your aid.
                  | [demonic ancestry]
  2162 | D:3      | Reached XP level 5. HP: 14/42 MP: 5/5
  2165 | D:3      | Killed from afar by an orc priest

Illustrated notes

Levels and vault maps discovered:
D:1:      wheals_arrival_linesprint, layout_rooms, minmay_misc_feat_tower,
          nicolae_concentric_dashed_squares_wild
D:2:      layout_loops_ring, serial_shops, nicolae_shop_advertising_works
          [nicolae_subvault_shop_adworks], grunt_decor_mini_mirrors
D:3:      layout_loops_ring, serial_glass, glass_columns_b, glass_columns_b

Skill      XL: |  1  2  3  4 |
---------------+-------------+-----
Polearms       | 2 |  2.9
Dodging        | 1 |  1.3
Shields        | 3 |  3.1
Armour         | 3 |  3.0
Fighting       | 4 |  4.1

Action                   |  1- 3 |  4- 6 || total
-------------------------+-------+-------++-------
Melee: Trident           |    51 |       ||    51
       Short sword       |    38 |    50 ||    88
  Use: Potion            |       |     5 ||     5
Armor: Scale mail        |    30 |    26 ||    56
Dodge: Dodged            |    30 |    19 ||    49
Block: Buckler           |    20 |     9 ||    29

Table legend: (Time is in decaauts)
 A = Elapsed time spent in this place.
 B = Non-inter-level travel time spent in this place.
 C = Inter-level travel time spent in this place.
 D = Time resting spent in this place.
 E = Time spent auto-exploring this place.
 F = Levels seen in this place.
 G = Mean time per level.
                   A        B        C        D        E       F      G
               +--------+--------+--------+--------+--------+-----+--------+
         Total |   2188 |   2106 |     82 |      0 |   1725 |   3 |  729.3 |
       Dungeon |   2188 |   2106 |     82 |      0 |   1725 |   3 |  729.3 |
               +--------+--------+--------+--------+--------+-----+--------+

Top non-repeatable levels by time:
     D:1: 969 daAuts
     D:2: 935 daAuts
     D:3: 284 daAuts
